 Dungeon Crawl Stone Soup version 0.32-a0-30-gefbe487952 (webtiles) character file.

Game seed: 16477903702759225419

32 p00ps00p the Trooper (level 3, -2/33 HPs)
             Began as a Hill Orc Fighter on Jan 20, 2024.
             Slain by Natasha (4 damage)
             ... on level 2 of the Dungeon.
             The game lasted 00:00:34 (296 turns).

p00ps00p the Trooper (Hill Orc Fighter)              Turns: 296, Time: 00:00:35

Health: -2/33      AC:  7    Str: 20    XL:     3   Next: 25%
Magic:  3/3        EV:  9    Int:  8    God:
Gold:   34         SH:  4    Dex: 10    Spells: 2/2 levels left

rFire   . . .        a - +0 war axe
rCold   . . .        c - +0 buckler
rNeg    . . .        b - +0 scale mail
rPois   .            (no helmet)
rElec   .            (no cloak)
rCorr   .            (no gloves)
SInv    .            (no boots)
Will    .....        (no amulet) Stlth
                     (no ring)
HPRegen 0.25/turn    (no ring)
MPRegen 0.08/turn

%: no passive effects
@: mighty, weak-willed
A: no striking features
a: no special abilities


You were on level 2 of the Dungeon.
You visited 1 branch of the dungeon, and saw 2 of its levels.

You collected 34 gold pieces.

Inventory:

Hand Weapons
 a - a +0 war axe (weapon)
Armour
 b - a +0 scale mail (worn)
 c - a +0 buckler (worn)
Potions
 e - a potion of lignification {unknown}


   Skills:
 + Level 4.0 Fighting
 + Level 3.3 Axes
 + Level 3.7 Armour
 + Level 3.6 Shields


You had 2 spell levels left.
You didn't know any spells.
Your spell library was empty.

Dungeon Overview and Level Annotations

Branches:
Dungeon (1/15)

Altars:

Annotations:
D:2 Natasha, Robin


Message History

You kill the goblin!
You hit the hobgoblin.
A ribbon worm comes into view.
The goblin completely misses you. The hobgoblin hits you.
* * * LOW HITPOINT WARNING * * *
You barely miss the goblin.
The goblin is moderately wounded.
You slash the goblin!
You kill the goblin!
You slash the hobgoblin!
You kill the hobgoblin!
Natasha casts a spell.
The goblin barely misses you.
Robin laughs in a distinctly smug fashion.
You closely miss the goblin. You hit the goblin. You closely miss the goblin.
The goblin barely misses you. The goblin hits you with a +0 dagger.
* * * LOW HITPOINT WARNING * * *
The goblin hits you but does no damage. The goblin barely misses you.
The goblin hits you but does no damage. The goblin hits you with a +0 dagger.
* * * LOW HITPOINT WARNING * * *
Unknown command.
You feel very mighty all of a sudden. The goblin hits you with a +0 dagger.
* * * LOW HITPOINT WARNING * * *
The goblin closely misses you. x2
Unknown command.
You closely miss the goblin. You slash the goblin!
You kill the goblin!
You hit the goblin.
You kill the goblin!
Natasha casts a spell.
The goblin closely misses you.
Unknown command.
As you read the scroll labelled TEFREH VETESE, it crumbles to dust.
A wave of despondency washes over your surroundings.
It was a scroll of vulnerability.
You block the goblin's attack.
The hobgoblin hits you but does no damage.
Natasha claws you.
You die...
Natasha curls up and begins to purr.

#.###########+##
#....wgg@hJ5....
#....gg##5.....
#....)g# .....
#......# ....
#....... ...
#####..g ..
#.... + #####


You could see a ribbon worm (weak-willed), Robin (weak-willed), Natasha
(weak-willed), 2 cerulean imps, an endoplasm (weak-willed), 2 hobgoblins and 2
goblins.

Vanquished Creatures
  An adder (D:2)
  A dart slug (D:1)
  2 endoplasms
  10 goblins
  2 hobgoblins (D:2)
  2 rats
18 creatures vanquished.

Notes
Turn   | Place    | Note
-------+----------+-------------------------------------------
     0 | D:1      | p00ps00p the Hill Orc Fighter began the quest for the Orb.
     0 | D:1      | Reached XP level 1. HP: 19/19 MP: 1/1
    61 | D:1      | Reached XP level 2. HP: 21/27 MP: 2/2
   109 | D:1      | You fall into a shaft and drop 1 floor!
   286 | D:2      | Noticed Robin
   290 | D:2      | Reached skill level 4 in Fighting
   290 | D:2      | Reached XP level 3. HP: 13/33 MP: 3/3
   290 | D:2      | Noticed Natasha
   294 | D:2      | HP: 1/33 [goblin/+0 dagger[Robin] (3)]
   296 | D:2      | Slain by Natasha

Illustrated notes

Levels and vault maps discovered:
D:1:      psy_arrival_basics, layout_loops_ring
D:2:      layout_basic, uniq_sigmund, uniq_robin, uniq_jessica, uniq_natasha

Skill      XL: |  1  2 |
---------------+-------+-----
Axes           | 3 |  3.3
Fighting       | 4 |  4.0
Armour         | |  3.7
Shields        | |  3.6

Action                     || total
---------------------------++-------
  Melee: War axe           ||    41
    Use: Scroll            ||     1
         Potion            ||     1
 Armour: Scale mail        ||    44
  Dodge: Dodged            ||    26
  Block: Buckler           ||     9

Table legend: (Time is in decaauts)
 A = Elapsed time spent in this place.
 B = Non-inter-level travel time spent in this place.
 C = Inter-level travel time spent in this place.
 D = Time resting spent in this place.
 E = Time spent auto-exploring this place.
 F = Levels seen in this place.
 G = Mean time per level.
                   A        B        C        D        E       F      G
               +--------+--------+--------+--------+--------+-----+--------+
         Total |    311 |    311 |      0 |      0 |    219 |   2 |  155.5 |
       Dungeon |    311 |    311 |      0 |      0 |    219 |   2 |  155.5 |
               +--------+--------+--------+--------+--------+-----+--------+

Top non-repeatable levels by time:
     D:2: 199 daAuts
     D:1: 112 daAuts
